 Dungeon Crawl Stone Soup version 0.15-a0-1472-ge546950 (webtiles) character file.

601 Psiweapon the Sneak (level 7, -1/38 HPs)
             Began as a Kobold Hunter on June 13, 2014.
             Was a Believer of Dithmenos.
             Slain by Edmund
             ... wielding a +1,+3 flail of holy wrath
              (7 damage)
             ... on Level 5 of the Dungeon.
             The game lasted 00:16:36 (3944 turns).

Psiweapon the Sneak (Kobold Hunter)                 Turns: 3944, Time: 00:16:36

HP  -1/38        AC  6     Str 12      XL: 7   Next: 69%
MP   7/7         EV 13     Int 10      God: Dithmenos [**....]
Gold 156         SH  0     Dex 16      Spells:  0 memorised,  6 levels left

rFire  . . .     SeeInvis .     b - +1 crossbow
rCold  + . .     Clarity  .     r - +0 leather armour {rC+}
rNeg   + . .     rCorr    .     (no shield)
rPois  .         rRot     .     (no helmet)
rElec  .         Spirit   .     k - +0 cloak
SustAb +         Warding  .     t - +0 pair of gloves
rMut   .         Stasis   .     p - +0 pair of boots
Gourm  .                        J - amulet of faith
MR     .....                    v - ring of positive energy
                                D - ring of sustain abilities

@: wreathed by umbra, not resistant to hostile enchantments, stealthy
A: carnivore 3
a: Shadow Step, Renounce Religion


You were on level 5 of the Dungeon.
You worshipped Dithmenos.
Dithmenos was pleased with you.
You were very full.

You visited 1 branch of the dungeon, and saw 5 of its levels.

You collected 156 gold pieces.

Inventory:

Hand weapons
 b - a +1,+1 crossbow (weapon)
 c - a +0,+0 dagger
 h - a +0,+2 short sword of electrocution
 E - a cursed -2,+0 dagger
Missiles
 e - 4 needles of frenzy
 l - 2 javelins of returning
 m - 18 bolts of frost
 o - 25 poisoned needles
 F - 3 bolts (quivered)
Armour
 k - a +0 cloak (worn)
 p - a +0 pair of boots (worn)
 r - a +0 leather armour of cold resistance (worn)
 t - a +0 pair of gloves (worn)
 u - a +0 pair of boots
Magical devices
 a - a wand of digging (13)
Comestibles
 f - 2 meat rations
 w - a slice of pizza
 B - 3 beef jerkies
 H - a rotting chunk of iguana flesh
 M - 4 rotting chunks of orc flesh
Scrolls
 d - 2 scrolls of magic mapping {unknown}
 i - 2 scrolls of teleportation {unknown}
 j - a scroll of random uselessness {unknown}
 n - a scroll of fear {unknown}
 s - 3 scrolls of blinking {unknown}
 y - a scroll of immolation {unknown}
 z - 3 scrolls of identify {unknown}
 A - 2 scrolls of remove curse {unknown}
 L - a scroll of enchant armour {unknown}
Jewellery
 g - an uncursed ring of flight
 v - a ring of positive energy (right hand)
 D - a ring of sustain abilities (left hand)
 J - an amulet of faith (around neck)
Potions
 q - a potion of might {unknown}
 x - a potion of restore abilities {unknown}
 C - a potion of heal wounds


   Skills:
 - Level 1.1 Fighting
 + Level 5.4 Short Blades
 - Level 6.4 Crossbows
 - Level 2.4 Dodging
 + Level 7.8 Stealth


You had 6 spell levels left.
You didn't know any spells.

Dungeon Overview and Level Annotations

Branches:
Dungeon (5/15)
 Temple: D:4-7

Altars:
Dithmenos
Makhleb
Qazlal

Shops:
D:4 =

Annotations:
D:4 Sigmund
D:5 Edmund


Innate Abilities, Weirdness & Mutations

You are small and have problems with some larger weapons.
You are carnivorous and can eat meat at any time.


Message History

Aim: Edmund, wielding a runed flail and wearing a chain mail (severely wounded)
You shoot a bolt. The bolt closely misses the kobold.
The bolt hits Edmund!
Edmund is almost dead.
The kobold closely misses you.
Firing (i - inventory. (,) - cycle):
F - 5 bolts (quivered)
Press: ? - help, Shift-Dir - straight line, f/p - Edmund
Aim: Edmund, wielding a runed flail and wearing a chain mail (almost dead, umbra)
You shoot a bolt. The bolt hits the kobold.
You kill the kobold!
Dithmenos accepts your kill. Edmund hits you with a runed flail!
* * * LOW HITPOINT WARNING * * *
You smell something rotten. (slot H) Firing (i - inventory. (,) - cycle):
F - 4 bolts (quivered)
Press: ? - help, Shift-Dir - straight line, f/p - Edmund
Aim: Edmund, wielding a runed flail and wearing a chain mail (almost dead, umbra)
You shoot a bolt. The bolt hits Edmund.
Edmund is almost dead.
Edmund hits you with a runed flail!
You die...

#........### #.....
##..........# #.....
#...#####...# #..... #...#
#...# #..... #...# #...# ####..
#...# #.(.# ### #...#
##...################## +...'
#....@#.#.#.#..........
#.....#.#%).#@#.#.#.#......###
...#.#.#[#.#)#.#.#.#.#.#####..#
...#.# #.#.#.#.#.#.#.#.## ##.##
....# #.#)#.#.#.#.#%#'######..#
...# #.#.#.#.#.#.#.#..........#
## #.#.#.#.#.#.#.#............
#.#.#.#.#.#.#.#.........#.
#.#.#.#.#.#..........#.
#.#.#.#.#.#.#########.


You could see Edmund.

Vanquished Creatures
  A phantom (D:4)
  A giant frog zombie (D:4)
  A gnoll shaman (D:5)
  A crimson imp (D:5)
  A hound (D:4)
  An orc wizard (D:5)
  2 iguanas
  4 worker ants
  7 gnolls
  5 adders
  A worm (D:2)
  3 giant geckos
  8 orcs
  13 hobgoblins
  3 quokkas
  A ball python (D:1)
  12 bats
  4 giant cockroaches
  2 giant newts
  13 goblins
  4 jackals (D:1)
  12 kobolds
  A kobold skeleton (D:4)
  9 rats
110 creatures vanquished.

Notes
Turn   | Place    | Note
--------------------------------------------------------------
     0 | D:1      | Psiweapon, the Kobold Hunter, began the quest for the Orb.
     0 | D:1      | Reached XP level 1. HP: 12/12 MP: 1/1
    72 | D:1      | Reached skill level 5 in Crossbows
   188 | D:1      | Reached XP level 2. HP: 16/16 MP: 2/2
   584 | D:1      | Reached XP level 3. HP: 20/20 MP: 3/3
  1212 | D:2      | Reached XP level 4. HP: 25/25 MP: 4/4
  1381 | D:2      | Found a shadowy altar of Dithmenos.
  1400 | D:2      | Became a worshipper of Dithmenos the Shadowed
  1458 | D:3      | Found a stormy altar of Qazlal.
  1542 | D:5      | Entered Level 5 of the Dungeon
  1648 | D:3      | HP: 1/25 [poison (a potion of poison)]
  2379 | D:3      | Reached skill level 6 in Crossbows
  2379 | D:3      | Reached XP level 5. HP: 27/29 MP: 5/5
  2751 | D:4      | Reached skill level 5 in Stealth
  2813 | D:4      | Noticed a phantom
  2829 | D:4      | Reached skill level 1 in Short Blades
  2851 | D:4      | Killed a phantom
  2851 | D:4      | Reached XP level 6. HP: 9/34 MP: 6/6
  3345 | D:4      | Reached XP level 7. HP: 33/38 MP: 7/7
  3346 | D:4      | Found Oqationi's Jewellery Shoppe.
  3353 | D:4      | Noticed Sigmund
  3463 | D:5      | Found a burning altar of Makhleb.
  3507 | D:5      | Reached skill level 7 in Stealth
  3730 | D:5      | Reached skill level 5 in Short Blades
  3885 | D:5      | Acquired Dithmenos' first power
  3905 | D:5      | Noticed Edmund
  3944 | D:5      | Slain by Edmund

Action                   |  1- 3 |  4- 6 |  7- 9 || total
-------------------------+-------+-------+-------++-------
Melee: Short sword       |     8 |   101 |    70 ||   179
       Dagger            |    10 |    50 |       ||    60
 Fire: Crossbow          |    53 |    53 |    16 ||   122
Evoke: Wand              |       |       |     1 ||     1
  Use: Potion            |       |     3 |     1 ||     4
 Stab: Sleeping          |       |     6 |     3 ||     9
